Map: Lerilak Crest

Players

Fallen - Winner!

  • Race: Zerg Zerg

HzVee

  • Race: Protoss Protoss
  • League: Bronze

VOD

Have the link to the VOD?

Description

Time

  • Played on: Oct. 22, 2015, 11:07 p.m.
  • Length: 6:26
Show
View Real Time Build Order
Export as new Build Order

Fallen Zerg - Winner!

Build Orders: Pool First 

Get SALT Encoding   

  12  0:01  Drone  
  13  0:08  Drone  
  14  0:16  Overlord  
  14  0:35  Drone x3  
  17  0:46  Drone  
  18  0:56  Spawning Pool  
  17  0:58  Drone  
  18  1:07  Drone  
  19  1:22  Drone  
  20  1:31  Drone  
  21  1:35  Hatchery  
  21  1:39  Drone  
  21  1:40  Extractor  
  21  1:43  Queen  
  22  1:50  Overlord  
  22  1:58  Spine Crawler  
  22  2:01  Drone  
  22  2:52  Hatchery  
  22  2:56  Zergling x8  
  22  2:57  Queen  
  27  3:01  Metabolic Boost  
  27  3:10  Spore Crawler  
  26  3:29  Drone x3  
  26  3:32  Zergling x12  
  35  3:49  Zergling x2  
  35  3:54  Overlord  
  36  3:57  Overlord  
  36  4:06  Drone x4  
  36  4:07  Drone  
  41  4:21  Zergling x14  
  42  4:54  Zergling x16  
  42  4:55  Zergling x2  
  46  5:09  Zergling x2  
  46  5:10  Zergling x4  
  44  5:22  Zergling x2  
  44  5:23  Zergling x4  
  45  5:30  Zergling x2  
  45  5:31  Zergling x4  
  45  5:47  Zergling x6  
  40  6:01  Zergling x10  
  40  6:02  Zergling x2  
Show
View Real Time Build Order
Export as new Build Order

HzVee Protoss 

Build Orders:  

Get SALT Encoding   

  12  0:05  Probe (Chrono Boost)  
  13  0:14  Pylon  
  13  0:18  Probe (Chrono Boost)  
  14  0:29  Probe (Chrono Boost)  
  14  0:34  Gateway  
  15  0:40  Probe (Chrono Boost)  
  16  0:48  Assimilator  
  16  0:51  Probe (Chrono Boost)  
  17  1:07  Probe (Chrono Boost)  
  18  1:19  Gateway  
  18  1:22  Cybernetics Core  
  18  1:27  Pylon  
  18  1:28  Probe (Chrono Boost)  
  19  1:39  Zealot  
  21  1:43  Probe (Chrono Boost)  
  21  1:45  Assimilator  
  22  1:53  Probe (Chrono Boost)  
  23  2:04  Probe (Chrono Boost)  
  24  2:14  Probe (Chrono Boost)  
  25  2:17  Warp Gate (Chrono Boost)  
  25  2:26  Mothership Core  
  27  2:30  Gateway  
  27  2:33  Adept x2  
  31  2:45  Pylon  
  31  3:03  Nexus  
  31  3:13  Pylon  
  31  3:23  Twilight Council  
  31  3:25  Probe  
  32  3:37  Probe  
  33  3:42  Pylon  
  33  3:50  Forge  
  33  3:57  Adept  
  33  3:59  Pylon  
  35  4:14  Probe  
  36  4:24  Probe  
  37  4:35  Probe  
  32  4:42  Stalker x3  
  36  4:45  Probe  
  20  5:06  Adept  
  14  5:07  Adept x2  
  18  5:15  Probe  
  17  5:30  Probe  
  18  5:37  Adept  
  18  5:39  Adept  
  22  5:45  Probe  
  18  5:59  Adept  
  18  6:09  Adept  
Tags
 
League
Bronze
Matchup
PvZ
Opening
Pool First
Replay Pack
HzVee P1
Add a new tag
Caveats
  • Supply blocks, unpowered buildings, or Contaminate may cause inaccurate times.
  • Supply counts are checked every 10 seconds.